 Dungeon Crawl Stone Soup version 0.30-a0-476-g330ca2eb8e (console) character file.

Game seed: 5970447127828569413

238 petzl the Sneak (level 6, -1/70 HPs)
             Began as a Formicid Delver on Dec 21, 2022.
             Succumbed to a water moccasin's poison
             ... on level 7 of the Dungeon.
             The game lasted 00:09:06 (2990 turns).

petzl the Sneak (Formicid Delver)                   Turns: 2990, Time: 00:09:06

Health: -1/70      AC: 23    Str: 17    XL:     6   Next: 28%
Magic:  14/14      EV:  2    Int: 11    God:
Gold:   261        SH:  0    Dex: 15    Spells: 16/16 levels left

rFire   . . .      SeeInvis .    o - +0 rapier
rCold   . . .      Faith    .    (no shield)
rNeg    . . .      Spirit   .    (body armour currently unavailable)
rPois   +          Reflect  .    (helmet unavailable)
rElec   .          Harm     .    (cloak currently unavailable)
rCorr   .          Rampage  .    (gloves currently unavailable)
Will    .....                    (boots currently unavailable)
Stlth   +++.......               (no amulet)
HPRegen 0.31/turn                (no ring)
MPRegen 0.14/turn                (no ring)

@: lethally poisoned (-1 -> -19), tree-form
A: stationary, stasis, torment immunity, boosted hp, permanent stasis, dig
shafts and tunnels, (antennae 3), four strong arms
a: no special abilities


You were on level 7 of the Dungeon.
You were a tree.
You visited 1 branch of the dungeon, and saw 8 of its levels.

You collected 261 gold pieces.

Inventory:

Hand Weapons
 a - a +0 short sword of venom
 b - a +0 sling
 o - a +0 rapier (weapon)
Missiles
 h - 42 stones (quivered)
Armour
 l - a +0 pair of gloves (melded)
 p - a +0 leather armour (melded)
Wands
 f - a wand of digging (3)
 x - a wand of charming (10)
Scrolls
 c - a scroll of fog
 d - 4 scrolls of magic mapping
 e - a scroll of fear
 k - a scroll of enchant armour {unknown}
 n - 5 scrolls of identify {unknown}
 q - 2 scrolls of enchant weapon {unknown}
 v - a scroll of vulnerability {unknown}
 w - 2 scrolls of torment {unknown}
 z - a scroll of teleportation {unknown}
Potions
 g - a potion of resistance {unknown}
 i - a potion of heal wounds {unknown}
 j - a potion of lignification
 m - a potion of curing {unknown}
 r - a potion of mutation {unknown}
 s - a potion of haste {unknown}
 t - a potion of might {unknown}
 u - 2 potions of flight {unknown}


   Skills:
 - Level 3.2 Fighting
 - Level 2.0 Maces & Flails
 - Level 1.7 Dodging
 - Level 6.0 Stealth
 + Level 5.7 Spellcasting


You had 16 spell levels left.
You didn't know any spells.
Your spell library contained the following spells:

 Spells                   Type           Power      Damage    Failure   Level
 Ensorcelled Hibernation  Hex/Ice        6%         N/A       30%         2
 Passwall                 Tmut/Erth      2%         N/A       30%         2
 Hailstorm                Conj/Ice       3%         3d3       52%         3
 Ice Form                 Ice/Tmut       3%         N/A       89%         4
 Simulacrum               Ice/Necr       1%         N/A       100%        6
 Swiftness                Air            Unusable   N/A       N/A         3

Dungeon Overview and Level Annotations

Branches:
Dungeon (8/15)
 Temple: D:4-7         Lair: D:8-11

Altars:
Elyvilon
Trog
Zin

Annotations:
D:3 exclusion: 2 downstairs
D:4 exclusion: downstairs
D:5 exclusion: sensed monster (detected)
D:6 exclusions: hound and scorpion


Innate Abilities, Weirdness & Mutations

You are a tree.
Your roots penetrate the ground, keeping you stationary.
You cannot be teleported.
You are immune to unholy pain and torment.
Your maximum health is greatly increased.
Your equipment is partially melded.
You cannot be hasted, slowed, berserked, paralysed or teleported.
You can dig through walls and to a lower floor.
((You have a pair of large antennae on your head. (SInv)))
Your four strong arms can wield two-handed weapons with a shield.


Message History

The water moccasin is lightly wounded.
You feel sick. The water moccasin closely misses you.
The water moccasin barely misses you.
Unknown command.
Unknown command.
Your +0 short sword of venom stops dripping with poison.
o - a +0 rapier (weapon)
You feel sick. The water moccasin closely misses you.
You miss the water moccasin.
The water moccasin is moderately wounded.
You feel sick. The water moccasin closely misses you.
You hit the water moccasin.
The water moccasin is moderately wounded.
You feel sick.
The water moccasin bites you but does no damage. x2
You miss the water moccasin.
The water moccasin is severely wounded.
You feel sick. The water moccasin bites you!
You are more poisoned.
The water moccasin poisons you! The water moccasin misses you.
You hit the water moccasin but do no damage.
The water moccasin is severely wounded.
You feel very sick. The water moccasin bites you.
You closely miss the water moccasin.
The water moccasin is severely wounded.
You feel very sick. The water moccasin bites you.
* * * LOW HITPOINT WARNING * * *
You are more poisoned.
The water moccasin poisons you! The water moccasin barely misses you.
Okay, then.
As you read the scroll of fear, it crumbles to dust.
You assume a fearsome visage.
The water moccasin looks frightened!
* * * LOW HITPOINT WARNING * * *
You feel very sick.
It was a potion of lignification.
You turn into a tree.
Your +0 pair of gloves melds into your body.
Your +0 leather armour melds into your body.
Your roots penetrate the ground.
You die...

... ................#### .
................... +
................... .#
........###'##..## ..#
........##..##..##...
##..##..##........... #..
#..##......###### ..
#..#.......# ....
....#..#...##'##..... ...
#+###)..#..##+##.........
...##..##...#..#..>..........
#........#...#..'........#####
#.......##..###'#........#
#.......##..##..#........#
#... #..##......#........#
#...##..##......#....#####
#......?........#....#
#...............#....+
#..S.♣..........#....#
#...###########+# #..
#......c... #. #.......... #
+.......... #..........
#........ #...... #....#
#....# #....# #....# #....#
#....# #....# #...<# #....#
#....# +....#


You could see a water moccasin (fleeing, very poisoned).

Vanquished Creatures
  A scorpion (D:4)
  A hound (D:4)
  An iguana (D:4)
  2 orc wizards (D:3)
  An adder (D:3)
  A gnoll (D:4)
  3 dart slugs
  3 orcs
  3 ball pythons
  10 bats
  3 endoplasms
  3 hobgoblins (D:1)
  3 jackals (D:1)
  3 kobolds
  2 quokkas
  A frilled lizard (D:1)
  3 goblins
  4 rats
48 creatures vanquished.

Notes
Turn   | Place    | Note
-------+----------+-------------------------------------------
     0 | D:5      | petzl the Formicid Delver began the quest for the Orb.
     0 | D:5      | Reached XP level 1. HP: 18/18 MP: 1/1
    86 | D:6      | Noticed a hound
   108 | D:6      | Noticed a bullfrog
   117 | D:6      | Found a glowing silver altar of Zin.
   159 | D:7      | Noticed a centaur
   201 | D:6      | Noticed a scorpion
   361 | D:2      | Reached skill level 1 in Spellcasting
   491 | D:1      | Reached XP level 2. HP: 24/24 MP: 4/4
   586 | D:1      | Found a faded altar of an unknown god.
   948 | D:1      | Reached XP level 3. HP: 29/29 MP: 6/6
  1786 | D:3      | Reached XP level 4. HP: 29/35 MP: 8/8
  2009 | D:3      | Found a bloodstained altar of Trog.
  2124 | D:3      | Found a white marble altar of Elyvilon.
  2464 | D:4      | Noticed a scorpion
  2489 | D:4      | Noticed a scorpion
  2629 | D:3      | Reached XP level 5. HP: 25/41 MP: 11/11
  2793 | D:4      | Reached skill level 5 in Spellcasting
  2793 | D:4      | Reached XP level 6. HP: 45/47 MP: 13/13
  2827 | D:4      | You fall into a shaft and drop 3 floors!
  2972 | D:7      | Noticed a water moccasin
  2989 | D:7      | HP: 2/47 [poisoned by a water moccasin]
  2990 | D:7      | Succumbed to a water moccasin's poison

Illustrated notes

Levels and vault maps discovered:
D:1:      dpeg_arrival_long_road, layout_loops_ring,
          ebering_ecumenical_altar_mist
D:2:      layout_loops_ring, chequers_serial_rivers_large_a
D:3:      layout_loops_cross, elyvilon_altar_1, amcnicky_altar_gilded
D:4:      layout_rooms, dreamdust_princess_corridor, minmay_pentangle
D:5:      layout_basic
D:6:      layout_basic, eat_drink_and_be_merry_uskayaw, kennysheep_mini
D:7:      layout_gridville, old_standard_altar, minmay_temple_entry_mini_moons,
          minmay_misc_feat_nine_boxes, uniq_pikel, uniq_maggie
D:8:      layout_basic, lair_entry_dummy, hellmonk_guarded_unrand_gong

Skill      XL: |  1  2  3  4  5 |
---------------+----------------+-----
Spellcasting   | 1 2 3 4 5 |  5.7
Fighting       | |  3.2
Maces & Flails | |  2.0
Dodging        | |  1.7
Stealth        | |  6.0

Action                   |  1- 3 |  4- 6 || total
-------------------------+-------+-------++-------
Melee: Rapier            |    11 |     5 ||    16
       Short sword       |    13 |    52 ||    65
 Fire: Sling             |    82 |    34 ||   116
Throw: Throwing net      |       |     1 ||     1
 Abil: Dig               |       |     1 ||     1
       Shaft Self        |       |     1 ||     1
  Use: Scroll            |       |     1 ||     1
       Potion            |       |     1 ||     1
 Stab: Sleeping          |     1 |       ||     1
Armor: Leather armour    |    27 |    11 ||    38
Dodge: Dodged            |    51 |    41 ||    92

Table legend: (Time is in decaauts)
 A = Elapsed time spent in this place.
 B = Non-inter-level travel time spent in this place.
 C = Inter-level travel time spent in this place.
 D = Time resting spent in this place.
 E = Time spent auto-exploring this place.
 F = Levels seen in this place.
 G = Mean time per level.
                   A        B        C        D        E       F      G
               +--------+--------+--------+--------+--------+-----+--------+
         Total |   3043 |   2822 |    221 |    288 |   1752 |   8 |  380.4 |
       Dungeon |   3043 |   2822 |    221 |    288 |   1752 |   8 |  380.4 |
               +--------+--------+--------+--------+--------+-----+--------+

Top non-repeatable levels by time:
     D:3: 975 daAuts
     D:1: 776 daAuts
     D:2: 630 daAuts
     D:4: 210 daAuts
     D:7: 206 daAuts
     D:6: 183 daAuts
     D:5: 59 daAuts
     D:8: 1 daAuts
